 Dungeon Crawl Stone Soup version 0.30-a0-322-g102857c98e (webtiles) character file.

Game seed: 11800876750427764143

114 p00ps00p the Trooper (level 4, 0/45 HPs)
             Began as a Hill Orc Fighter on Oct 28, 2022.
             Slain by a bullfrog (7 damage)
             ... on level 3 of the Dungeon.
             The game lasted 00:05:20 (1912 turns).

p00ps00p the Trooper (Hill Orc Fighter)             Turns: 1912, Time: 00:05:21

Health: 0/45       AC:  6    Str: 19 (20) XL:     4   Next: 98%
Magic:  4/4        EV:  9    Int:  6 (8)  God:
Gold:   75         SH:  4    Dex:  9 (10) Spells: 3/3 levels left

rFire   . . .      SeeInvis .    a - +0 war axe
rCold   . . .      Faith    .    c - +0 buckler
rNeg    . . .      Spirit   .    b - +0 scale mail
rPois   .          Reflect  .    (no helmet)
rElec   .          Harm     .    (no cloak)
rCorr   .          Rampage  .    (no gloves)
Will    .....                    (no boots)
Stlth   ..........               (no amulet)
HPRegen 0.27/turn                (no ring)
MPRegen 0.09/turn                (no ring)

@: mighty
A: no striking features
a: no special abilities


You were on level 3 of the Dungeon.
You visited 1 branch of the dungeon, and saw 3 of its levels.

You collected 75 gold pieces.

Inventory:

Hand Weapons
 a - a +0 war axe (weapon)
 n - a +0 sling
Armour
 b - a +0 scale mail (worn)
 c - a +0 buckler (worn)
Magical Staves
 j - a staff of death
Jewellery
 o - an amulet of magic regeneration
Scrolls
 g - a scroll of noise {unknown}
 i - a scroll of fear {unknown}
 l - a scroll of fog {unknown}
 m - a scroll of enchant armour {unknown}
 q - a scroll of immolation {unknown}
Potions
 e - a potion of degeneration
 f - 2 potions of curing
 h - 2 potions of cancellation {unknown}
 k - a potion of attraction {unknown}
 p - a potion of haste {unknown}


   Skills:
 + Level 6.4 Fighting
 - Level 2.9 Axes
 - Level 3.4 Armour
 - Level 3.4 Shields


You had 3 spell levels left.
You didn't know any spells.
Your spell library was empty.

Dungeon Overview and Level Annotations

Branches:
Dungeon (3/15)

Altars:

Annotations:
D:3 retardedninja's ghost, amateur HOFi


Message History

You closely miss the bullfrog.
The bullfrog is lightly wounded.
The bullfrog hits you. You block the bullfrog's attack.
You barely miss the bullfrog.
The bullfrog is lightly wounded.
You block the bullfrog's attack.
The bullfrog hits you but does no damage.
The bullfrog completely misses you.
You slash the bullfrog!
The bullfrog is heavily wounded.
The bullfrog hits you.
* * * LOW HITPOINT WARNING * * *
The bullfrog barely misses you.
You barely miss the bullfrog.
The bullfrog is heavily wounded.
The bullfrog closely misses you. The bullfrog hits you.
* * * LOW HITPOINT WARNING * * *
You feel very mighty all of a sudden. The bullfrog hits you.
* * * LOW HITPOINT WARNING * * *
You barely miss the bullfrog.
The bullfrog is heavily wounded.
The bullfrog closely misses you. The bullfrog barely misses you.
You block the bullfrog's attack.
You closely miss the bullfrog.
The bullfrog is heavily wounded.
You block the bullfrog's attack.
You slash the bullfrog!
The bullfrog is almost dead.
The bullfrog hits you.
* * * LOW HITPOINT WARNING * * *
The bullfrog hits you.
* * * LOW HITPOINT WARNING * * *
The bullfrog barely misses you.
It was a potion of curing.
You feel better. You block the bullfrog's attack.
It was a potion of degeneration.
There was something very wrong with that liquid.
You feel weakened.
You feel dopey.
You feel clumsy. The bullfrog hits you!
You die...

###.. .... . #......
####...#.. #
#.###.......# # ###
..........# # ...
#######..#.. ##.#
~[~~~WF@#.# ...#
#######...# ...# #
###...#.# ...###.#
#.#...†.#.# ^......
#.#.#.#.# #
...#######...†.#.#
........####.###.#
...#.#..####.....###
####....>...........


You could see a bullfrog and retardedninja's ghost.

Vanquished Creatures
  6 adders
  4 worms
  2 dart slugs
  An endoplasm (D:2)
  A giant cockroach (D:1)
  7 goblins
  3 hobgoblins
  2 jackals (D:1)
  4 kobolds
  3 quokkas
  2 ball pythons
  7 bats
  A frilled lizard (D:2)
  A rat (D:2)
44 creatures vanquished.

Notes
Turn   | Place    | Note
-------+----------+-------------------------------------------
     0 | D:1      | p00ps00p the Hill Orc Fighter began the quest for the Orb.
     0 | D:1      | Reached XP level 1. HP: 19/19 MP: 1/1
   238 | D:1      | Reached XP level 2. HP: 27/27 MP: 2/2
   296 | D:1      | Reached skill level 4 in Fighting
   667 | D:2      | Reached XP level 3. HP: 34/34 MP: 3/3
   833 | D:2      | Reached skill level 5 in Fighting
  1363 | D:2      | Reached XP level 4. HP: 42/42 MP: 4/4
  1735 | D:3      | Reached skill level 6 in Fighting
  1873 | D:3      | Found a runed translucent door.
  1884 | D:3      | Noticed a bullfrog
  1886 | D:3      | Noticed retardedninja's ghost (amateur HOFi)
  1910 | D:3      | HP: 1/45 [bullfrog (3)]
  1912 | D:3      | Slain by a bullfrog

Illustrated notes

Levels and vault maps discovered:
D:1:      reono_arrival_forest_river, layout_basic, nicolae_wormholes
D:2:      layout_loops_corners
D:3:      layout_loops_ring, ebering_ghost_sewer_d, uniq_ijyb

Skill      XL: |  1  2  3  4 |
---------------+-------------+-----
Fighting       | 4 5 6 |  6.4
Axes           | |  2.9
Armour         | |  3.4
Shields        | |  3.4

Action                   |  1- 3 |  4- 6 || total
-------------------------+-------+-------++-------
Melee: War axe           |    92 |    62 ||   154
  Use: Potion            |       |     3 ||     3
Armor: Scale mail        |    50 |    28 ||    78
Dodge: Dodged            |    54 |    41 ||    95
Block: Buckler           |    24 |    20 ||    44

Table legend: (Time is in decaauts)
 A = Elapsed time spent in this place.
 B = Non-inter-level travel time spent in this place.
 C = Inter-level travel time spent in this place.
 D = Time resting spent in this place.
 E = Time spent auto-exploring this place.
 F = Levels seen in this place.
 G = Mean time per level.
                   A        B        C        D        E       F      G
               +--------+--------+--------+--------+--------+-----+--------+
         Total |   1984 |   1956 |     28 |     83 |   1386 |   3 |  661.3 |
       Dungeon |   1984 |   1956 |     28 |     83 |   1386 |   3 |  661.3 |
               +--------+--------+--------+--------+--------+-----+--------+

Top non-repeatable levels by time:
     D:2: 1075 daAuts
     D:1: 684 daAuts
     D:3: 224 daAuts
